 Dungeon Crawl Stone Soup version 0.27-a0-1378-gdefffd1ff6 (webtiles) character file.

Game seed: 14108671514399362678

133 robertstho the Magician (level 5, 0/37 HPs)
             Began as a Djinni Fire Elementalist on June 29, 2021.
             Slain by an orc (8 damage)
             ... on level 3 of the Dungeon.
             The game lasted 00:05:15 (2916 turns).

robertstho the Magician (Djinni Fire Elementalist)  Turns: 2916, Time: 00:05:16

Health: 0/37       AC:  2    Str:  7    XL:     5   Next: 40%
Gold:   20         EV: 13    Int: 17    God:
                   SH:  0    Dex: 20

rFire    + + +     SeeInvis .   i - +0 war axe
rCold    x . .     Faith    .   (no shield)
rNeg     . . .     Spirit   .   a - +0 robe
rPois    ∞         Reflect  .   (no helmet)
rElec    .         Harm     .   b - scarf {+Inv}
rCorr    .         Rampage  .   (no gloves)
Will     .....                  (boots unavailable)
Stlth    ++........             (no amulet)
HPRegen  0.12/turn              g - +6 ring of dexterity
MPRegen  0.00/turn              h - ring of protection from fire

@: flying
A: sickness immunity, fire resistance 2, cold vulnerability 1, float, innate
caster, hp casting, extra vitality 1
a: Evoke Invisibility


You were on level 3 of the Dungeon.
You visited 1 branch of the dungeon, and saw 3 of its levels.

You collected 117 gold pieces.
You spent 97 gold pieces at shops.

Inventory:

Hand Weapons
 i - a +0 war axe (weapon)
Armour
 a - a +0 robe (worn)
 b - a scarf of invisibility (worn)
Jewellery
 g - a +6 ring of dexterity (left hand)
 h - a ring of protection from fire (right hand)
Scrolls
 c - a scroll of enchant weapon {unknown}
 e - a scroll of teleportation
 j - a scroll of immolation
 k - a scroll of fog
 l - a scroll of acquirement {unknown}
Potions
 d - 2 potions of ambrosia
 m - a potion of resistance {unknown}
 n - 2 potions of curing {unknown}


   Skills:
 * Level 1.6 Fighting
 + Level 2.5 Dodging
 + Level 2.2 Stealth
 * Level 3.8 Spellcasting


You couldn't memorise any spells.
You knew the following spells:

 Your Spells              Type           Power      Damage    Failure   Level
a - Foxfire               Conj/Fire      64%        2x1d7     3%          1
b - Conjure Flame         Conj/Fire      16%        6-21      10%         3
c - Inner Flame           Hex/Fire       16%        N/A       10%         3
d - Sticky Flame          Conj/Fire      16%        2d4       32%         4
e - Fireball              Conj/Fire      8%         3d6       67%         5
f - Apportation           Tloc           32%        N/A       3%          1
g - Corpse Rot            Necr/Air       N/A        N/A       4%          2
Your spell library was empty.

Dungeon Overview and Level Annotations

Branches:
Dungeon (3/15)

Altars:
Ru

Shops:
D:2 ?


Innate Abilities, Weirdness & Mutations

You are immune to sickness and miasma.
You are immune to poison.
Your flesh is very heat resistant. (rF++)
You are vulnerable to cold. (rC-)
You float through the air rather than walking.
You learn spells naturally, not from books.
Your magical power is your life essence.
You have superior vitality. (+4 HP)


Message History

The foxfire hits something. x2; Something completely misses you.
The foxfire hits something but does no damage.
Unknown command.
Casting: Foxfire (safe; 4% risk of failure)
Press: ? - help, Q - select action, (/) - cycle Dir - look around, f - activate You conjure some foxfire!
The foxfire hits something.
Reactivating autopickup.
You feel a bit more experienced.
The foxfire hits the orc.
The orc is moderately wounded.
Casting: Foxfire (safe; 3% risk of failure)
Press: ? - help, Q - select action, (/) - cycle Dir - look around, f - activate You conjure some foxfire!
The orc completely misses you.
Unknown command.
Casting: Foxfire (safe; 3% risk of failure)
Press: ? - help, Q - select action, (/) - cycle Dir - look around, f - activate You conjure some foxfire!
The foxfire hits the orc.
You kill the orc!
The foxfire hits the orc.
The orc is moderately wounded.
The foxfire hits the orc.
The orc is almost dead.
The orc hits you with a +0 flail.
Casting: Foxfire (safe; 3% risk of failure)
Press: ? - help, Q - select action, (/) - cycle Dir - look around, f - activate You conjure some foxfire!
The foxfire hits the orc.
You kill the orc!
The orc hits you with a +0 flail.
Casting: Foxfire (safe; 3% risk of failure)
Press: ? - help, Q - select action, (/) - cycle Dir - look around, f - activate You conjure some foxfire!
The foxfire hits the orc.
The orc is severely wounded.
The orc hits you with a +0 flail.
* * * LOW HITPOINT WARNING * * *
The orc hits you from afar with a +0 trident!
You die...

#......# #......#
#......# #####
......##########...?.#
#####...##...........#.#
....'.........#####.....
#####.....#.....§.....#
#...######.v§§.####
#...).#.(#.§@vv# o#
#.....#..#§§#oo#..#...
##+#.....+.v#..'...o..
#....#########.....
#.....+ .... #..#..# ..#
#..#..# .######


You could see 2 orcs.

Vanquished Creatures
  An orc wizard (D:3)
  4 adders
  An adder skeleton (D:3)
  2 dart slugs
  2 orcs (D:3)
  6 endoplasms
  3 giant cockroaches
  2 goblins
  A hobgoblin (D:1)
  12 jackals
  7 kobolds
  3 quokkas
  6 ball pythons
  5 bats
  2 frilled lizards (D:1)
  3 rats
60 creatures vanquished.

Vanquished Creatures (others)
  223 foxfires
223 creatures vanquished.

Grand Total: 283 creatures vanquished

Notes
Turn   | Place    | Note
-------+----------+-------------------------------------------
     0 | D:1      | robertstho the Djinni Fire Elementalist began the quest for
                  | the Orb.
     0 | D:1      | Reached XP level 1. HP: 15/15 MP: 0/0
   261 | D:1      | Reached XP level 2. HP: 16/22 MP: 0/0
   357 | D:1      | Reached skill level 1 in Fighting
   644 | D:1      | Reached XP level 3. HP: 19/27 MP: 0/0
   644 | D:1      | Learned a level 1 spell: Apportation
  1099 | D:1      | Found a faded altar of an unknown god.
  1980 | D:2      | Reached skill level 3 in Spellcasting
  1980 | D:2      | Reached XP level 4. HP: 29/32 MP: 0/0
  2267 | D:2      | Found Doofaucy's Magic Scroll Boutique.
  2313 | D:2      | Bought a scroll of identify for 26 gold pieces
  2313 | D:2      | Bought a scroll of fog for 26 gold pieces
  2578 | D:2      | Bought a scroll of amnesia for 45 gold pieces
  2803 | D:3      | Reached XP level 5. HP: 34/37 MP: 0/0
  2803 | D:3      | Learned a level 2 spell: Corpse Rot
  2839 | D:3      | Found a sacrificial altar of Ru.
  2916 | D:3      | Slain by an orc

Illustrated notes

Levels and vault maps discovered:
D:1:      dpeg_arrival_three_smaller_balls, layout_loops_ring,
          shapermc_ecumenical_altar_venn
D:2:      layout_basic, serial_shops, shop, minmay_tromino_v2
D:3:      layout_basic, hangedman_ru_absence, patterned_corridor

Skill      XL: |  1  2  3 |
---------------+----------+-----
Fighting       | 1 |  1.6
Stealth        | 2 |  2.2
Spellcasting   | 3 |  3.8
Dodging        | |  2.5

Action                   |  1- 3 |  4- 6 || total
-------------------------+-------+-------++-------
Melee: War axe           |       |     6 ||     6
 Cast: Foxfire           |    79 |    66 ||   145
  Use: Scroll            |       |     4 ||     4
       Potion            |       |     1 ||     1
 Stab: Sleeping          |       |     2 ||     2
Armor: Robe              |     2 |     8 ||    10
Dodge: Dodged            |     8 |    39 ||    47

Table legend: (Time is in decaauts)
 A = Elapsed time spent in this place.
 B = Non-inter-level travel time spent in this place.
 C = Inter-level travel time spent in this place.
 D = Time resting spent in this place.
 E = Time spent auto-exploring this place.
 F = Levels seen in this place.
 G = Mean time per level.
                   A        B        C        D        E       F      G
               +--------+--------+--------+--------+--------+-----+--------+
         Total |   2917 |   2831 |     86 |      0 |   2494 |   3 |  972.3 |
       Dungeon |   2917 |   2831 |     86 |      0 |   2494 |   3 |  972.3 |
               +--------+--------+--------+--------+--------+-----+--------+

Top non-repeatable levels by time:
     D:1: 1646 daAuts
     D:2: 934 daAuts
     D:3: 335 daAuts
